 Zot Defence DCSS version 0.12.3 (webtiles) character file.

289 Adamkad1 the Practitioner (level 5, 1/23 (46) HPs)
             Began as a Deep Dwarf Healer on Jan 8, 2019.
             Was a Believer of Elyvilon.
             Quit the game in the Realm of Zot (Scenario IV: Columnade).
             The game lasted 00:06:10 (788 turns).

Adamkad1 the Practitioner (Deep Dwarf Healer)        Turns: 788, Time: 00:06:10

HP   1/23 (46)   AC  3     Str 15      XL: 5   Next: 40%
MP   0/12        EV 12     Int 14      God: Elyvilon [**....]
Gold 100         SH  0     Dex 12      Spells:  0 memorised,  4 levels left

Res.Fire  : . . .   See Invis. : .   j - +0 club
Res.Cold  : . . .   Warding    : .   a - +1 robe
Life Prot.: . . .   Conserve   : .   (no shield)
Res.Poison: .       Res.Corr.  : .   (no helmet)
Res.Elec. : .       Clarity    : .   (no cloak)
Sust.Abil.: . .     Spirit.Shd : .   (no gloves)
Res.Mut.  : .       Stasis     : .   (no boots)
Res.Rott. : .       Ctrl.Telep.: +   (no amulet)
Saprovore : . . .   Flight     : .   (no ring)
                                     (no ring)

@: non-regenerating, somewhat resistant to hostile enchantments, unstealthy
A: damage resistance, recharge devices, sense surroundings 1, slow healing 3,
teleport control
a: Make dart trap, Make oklob sapling, Make arrow trap, Make plant, Remove
Curse, Make burning bush, Device Recharging, Lesser Healing, Lesser
Self-Healing, Divine Protection, Purification, Renounce Religion


You were in the Realm of Zot.
You worshipped Elyvilon.
Elyvilon was greatly pleased with you.
You were not hungry.

You visited 1 branch

Inventory:

Hand weapons
 j - a +0,+0 club (weapon)
Armour
 a - a +1 robe (worn)
Magical devices
 d - a wand of heal wounds (3)
Comestibles
 f - 2 bread rations
Scrolls
 i - a scroll of blinking
Potions
 b - 4 potions of curing
 e - a potion of speed
 h - a potion of berserk rage


   Skills:
 - Level 1.7 Fighting
 - Level 2.1 Dodging
 - Level 2.1 Traps
 + Level 1.0 Unarmed Combat
 * Level 8.3 Invocations
 + Level 0.8 Evocations


You had 4 spell levels left.
You didn't know any spells.

Dungeon Overview and Level Annotations

Branches:
    Zot (1/1)

Altars:


Innate Abilities, Weirdness & Mutations

You are resistant to damage.
You can recharge devices by infusing magical energy.
You passively map a small area around you.
You do not heal naturally.
You can control translocations.


Message History

Press: ? - help, Dir - move target cursor, f/p - troll Heal: a troll The light of Elyvilon fails to reach the troll.
Your flesh rots away as the Orb of Zot is desecrated.
The gnoll hits your plant but does no damage.
A dart misses Clod!
Clod the gnoll comes into view. It is wielding a halberd.
Use which ability? (? or * to list)
Press: ? - help, Dir - move target cursor, f/p - troll Heal: a troll The light of Elyvilon fails to reach the troll.
Your flesh rots away as the Orb of Zot is desecrated.
The gnoll misses you. The gnoll hits you with a halberd!
* * * LOW HITPOINT WARNING * * *
The gnoll hits your plant with a runed halberd!
Your plant is destroyed!
A dart hits the gnoll!
Unknown command.
Unknown command.
Are you sure you want to abandon this character and quit the game? (Confirm with "yes".)

######### ##### ##.......##
##### #∆∆∆# ##....P....## #:)[#
#∆∆∆## #...Tgg.....# ##//∆#
##########g..ggT@....##########
##...%^%...wg%...%g....##
#....P...........Pg%..#
#...####.......####%..#
##...####.....####...##
##...####...####...##
##...#########...## ##...##
##...## ##...## ##...##


You could see 2 trolls, Sucsyic the worm, 7 gnolls, Clod the gnoll and a
friendly oklob sapling.

Vanquished Creatures
  4 oozes (Zot)
4 creatures vanquished.

Vanquished Creatures (collateral kills)
  A gnoll (Zot)
  A giant gecko (Zot)
  A kobold (Zot)
  2 giant cockroaches (Zot)
  2 rats (Zot)
7 creatures vanquished.

Vanquished Creatures (others)
  3 gnolls (Zot)
  An adder (Zot)
  2 giant mites (Zot)
  2 giant geckos (Zot)
  4 ball pythons (Zot)
  2 hobgoblins (Zot)
  8 kobolds (Zot)
  2 bats (Zot)
  3 giant cockroaches (Zot)
  A giant newt (Zot)
  10 goblins (Zot)
  11 rats (Zot)
  2 plants (Zot)
51 creatures vanquished.

Grand Total: 62 creatures vanquished

Notes
Turn   | Place    | Note
--------------------------------------------------------------
     0 | Zot      | Adamkad1, the Deep Dwarf Healer, began the quest for the Orb.
     0 | Zot      | Reached XP level 1. HP: 19/19 MP: 2/2
   257 | Zot      | Reached skill level 5 in Invocations
   294 | Zot      | Reached XP level 2. HP: 9/26 MP: 0/4
   319 | Zot      | Reached skill level 6 in Invocations
   330 | Zot      | Reached XP level 3. HP: 18/32 MP: 2/7
   427 | Zot      | Reached skill level 7 in Invocations
   455 | Zot      | Reached XP level 4. HP: 28/39 MP: 5/9
   628 | Zot      | Reached XP level 5. HP: 33/46 MP: 1/12
   649 | Zot      | Reached skill level 8 in Invocations
   746 | Zot      | Reached skill level 1 in Unarmed Combat
   760 | Zot      | Noticed a troll
   784 | Zot      | Noticed a troll
   787 | Zot      | HP: 1/23 [gnoll/halberd (7)]
   788 | Zot      | Quit the game

Action                   |  1- 3 |  4- 6 || total
-------------------------+-------+-------++-------
Melee: Unarmed           |    50 |       ||    50
Invok: Lesser Healing    |    19 |    53 ||    72
       Lesser Self-Heali |     2 |       ||     2
       Purification      |       |     1 ||     1
 Abil: Make oklob saplin |     1 |       ||     1
       Make dart trap    |     4 |       ||     4
       Make plant        |       |     4 ||     4
Evoke: Wand              |     2 |       ||     2
  Use: Potion            |     2 |     2 ||     4
